Map: [ESL] Oceanborn

Players

FoxeR

  • Race: Terran Terran
  • Spawn Location: 11:00

Dolan - Winner!

  • Race: Terran Terran
  • Spawn Location: 5:00

Event: ESL SC2 Masters 2023 Winter (Regional)

VOD

Have the link to the VOD?

Description

Time

  • Played on: Nov. 2, 2023, 2:25 p.m.
  • Length: 14:20

All games in this series

Show
View Real Time Build Order
Export as new Build Order

FoxeR Terran 

Build Orders: Cyclone Opening 

Get SALT Encoding   

  12  0:00  SCV  
  13  0:12  SCV  
  14  0:17  Supply Depot  
  14  0:24  SCV  
  15  0:38  SCV  
  15  0:40  Barracks  
  16  0:43  Refinery  
  16  0:50  SCV  
  16  0:52  Refinery  
  17  1:02  SCV  
  18  1:14  SCV  
  19  1:27  Reaper  
  19  1:28  Orbital Command  
  19  1:31  Supply Depot  
  20  1:47  Factory  
  21  1:54  SCV  
  21  1:59  Reaper  
  22  2:06  SCV  
  23  2:18  SCV  
  24  2:24  Command Center  
  24  2:30  SCV  
  24  2:34  Cyclone  
  27  2:43  SCV  
  28  2:44  Starport  
  28  2:47  Barracks Tech Lab  
  28  2:52  Supply Depot  
  28  2:55  SCV  
  29  3:06  Cyclone  
  31  3:13  SCV  
  32  3:24  Barracks Reactor  
  32  3:25  SCV  
  32  3:26  Banshee  
  36  3:37  SCV  
  36  3:39  Factory Tech Lab  
  36  3:41  Refinery  
  37  3:49  SCV  
  37  3:55  Orbital Command, Interference Matrix  
  38  4:00  Siege Tank  
  38  4:02  Marine x2, SCV  
  44  4:14  SCV  
  44  4:16  Raven  
  47  4:21  Marine x2  
  49  4:24  SCV  
  49  4:26  SCV  
  49  4:30  Supply Depot  
  51  4:33  Siege Tank  
  51  4:37  Supply Depot  
  54  4:49  Command Center  
  54  4:51  SCV x2  
  56  4:55  Marine x2  
  56  4:57  Raven  
  60  5:03  SCV  
  60  5:06  SCV  
  60  5:07  Supply Depot  
  62  5:11  Siege Tank  
  62  5:13  Marine  
  66  5:15  SCV, Refinery  
  67  5:21  Marine  
  67  5:22  Supply Depot, SCV  
  67  5:26  Supply Depot  
  67  5:28  SCV  
  70  5:34  SCV  
  71  5:45  Barracks x2  
  71  5:47  Siege Tank  
  71  5:48  SCV  
  75  5:50  Viking  
  75  5:54  Viking  
  79  5:58  SCV  
  79  6:01  SCV  
  79  6:02  Orbital Command  
  81  6:11  Marine  
  81  6:12  SCV  
  81  6:15  Engineering Bay  
  81  6:16  Stimpack  
  81  6:17  Engineering Bay  
  83  6:19  SCV  
  83  6:24  Viking, Orbital Command  
  86  6:28  SCV  
  86  6:31  Marine  
  86  6:32  Viking  
  90  6:33  Siege Tank  
  90  6:37  Barracks Reactor x2  
  90  6:38  SCV  
  93  6:43  Supply Depot  
  93  6:44  Terran Infantry Weapons Level 1  
  93  6:46  SCV  
  94  6:48  Terran Infantry Armor Level 1  
  94  6:50  Marine, SCV  
  96  6:59  Viking  
  96  7:01  SCV x2  
  100  7:03  SCV  
  100  7:05  Viking, Supply Depot  
  103  7:11  Siege Tank  
  103  7:14  SCV  
  107  7:20  SCV, Marine  
  107  7:21  Marine x3  
  107  7:22  SCV  
  113  7:25  Supply Depot  
  113  7:26  SCV  
  114  7:30  Marine  
  114  7:31  Viking  
  117  7:38  Marine x2  
  117  7:39  SCV  
  117  7:42  Marine, SCV  
  117  7:44  Siege Tank  
  125  7:46  Viking  
  125  7:49  Marine  
  125  7:51  SCV x2  
  125  7:53  Barracks  
  125  7:55  Barracks, Armory, Supply Depot  
  125  7:57  Marine x2  
  128  8:04  Marine x2  
  113  8:07  Marine  
  113  8:08  SCV x3  
  97  8:14  Viking  
  97  8:15  Marine x2  
  97  8:20  SCV x2  
  97  8:21  Medivac, SCV  
  97  8:22  Siege Tank, Marine  
  97  8:26  Refinery  
  106  8:28  Refinery  
  106  8:32  SCV x2  
  106  8:33  SCV  
  109  8:36  Marine x4  
  109  8:37  Combat Shield  
  109  8:40  Supply Depot, Marine  
  114  8:42  Barracks Reactor x2  
  114  8:44  SCV  
  114  8:45  SCV  
  114  8:47  Medivac  
  118  8:54  Marine x3  
  121  8:56  Command Center  
  121  8:59  Marine x2  
  121  9:01  Medivac  
  125  9:07  Terran Infantry Weapons Level 2  
  125  9:12  Marine x3  
  125  9:13  Supply Depot  
  125  9:14  Supply Depot  
  128  9:17  Marine x2  
  128  9:21  Marine  
  128  9:23  Terran Infantry Armor Level 2  
  131  9:24  Terran Vehicle Weapons Level 1  
  131  9:28  Supply Depot  
  131  9:29  Marine  
  131  9:30  Marine x2  
  134  9:32  Marine  
  134  9:33  Marine x2  
  134  9:35  Missile Turret, Marine x2  
  134  9:38  Factory  
  139  9:39  Marine  
  139  9:45  Missile Turret  
  140  9:47  Marine x2  
  140  9:52  Marine x3  
  145  9:53  Siege Tank, Supply Depot x2  
  145  9:54  Marine  
  145  9:56  Marine  
  150  10:01  Medivac x2  
  151  10:14  Marine x8  
  151  10:15  Barracks Reactor  
  159  10:25  Siege Tank, Starport  
  159  10:26  Starport  
  141  10:32  Marine x3  
  141  10:34  Medivac  
  146  10:36  Sensor Tower  
  146  10:38  Supply Depot, SCV x3  
  149  10:43  Sensor Tower, Marine  
  149  10:44  Marine  
  149  10:48  Supply Depot, Marine x2  
  149  10:49  Marine x2  
  153  10:52  Planetary Fortress  
  153  10:57  Siege Tank, Marine x2  
  154  10:59  Marine  
  160  11:06  Refinery  
  160  11:07  Refinery  
  156  11:15  Marine  
  156  11:16  Marine  
  156  11:18  Siege Tank  
  133  11:27  Viking  
  133  11:28  Viking x2  
  133  11:29  Siege Tank  
  133  11:31  Marine  
  141  11:34  Marine  
  141  11:35  Marine  
  141  11:36  Marine x2  
  141  11:38  Marine  
  134  11:41  Terran Vehicle Weapons Level 2  
  134  11:46  Marine x3  
  134  11:50  Siege Tank  
  134  11:52  Marine  
  131  11:55  Marine  
  131  11:59  Marine x3  
  126  12:07  Viking  
  122  12:09  Siege Tank  
  122  12:12  Marine  
  121  12:17  Marine  
  121  12:18  Marine  
  100  12:25  Marine  
  100  12:26  Marine x2  
  100  12:28  Marine  
  68  12:32  Marine  
  59  12:39  Marine  
  60  12:44  SCV x2  
  62  12:52  Marine x2  
  62  12:56  SCV  
  62  12:57  Marine x2  
  67  13:07  Marine x3  
  67  13:08  Marine x2  
  72  13:17  Siege Tank  
  75  13:20  Marine x2  
  75  13:21  SCV  
  75  13:25  Marine x2  
  75  13:26  Marine  
  81  13:28  Marine  
  81  13:29  Marine  
  81  13:32  Marine  
  84  13:37  Marine  
  66  13:42  Marine  
  66  13:46  Marine  
  41  13:54  Marine  
  37  13:59  Marine  
Show
View Real Time Build Order
Export as new Build Order

Dolan Terran - Winner!

Build Orders: Cyclone Opening 

Get SALT Encoding   

  12  0:00  SCV  
  13  0:12  SCV  
  14  0:16  Supply Depot  
  14  0:24  SCV  
  15  0:38  SCV  
  15  0:39  Barracks  
  15  0:42  Refinery  
  16  0:50  SCV  
  16  0:52  Refinery  
  17  1:02  SCV  
  18  1:14  SCV  
  19  1:25  Reaper  
  19  1:26  Orbital Command  
  20  1:36  Supply Depot  
  20  1:40  Factory  
  20  1:51  SCV  
  21  1:58  Barracks Reactor  
  21  2:03  SCV  
  22  2:16  SCV  
  22  2:19  Command Center  
  23  2:28  SCV  
  24  2:30  Supply Depot  
  24  2:38  Cyclone  
  24  2:39  Cyclone  
  24  2:41  SCV  
  29  2:53  SCV  
  29  2:55  Starport  
  31  3:05  SCV  
  31  3:10  Cyclone  
  31  3:11  Cyclone  
  35  3:14  Refinery  
  35  3:15  Barracks Tech Lab  
  35  3:18  SCV  
  36  3:30  Orbital Command  
  36  3:31  SCV  
  37  3:41  Raven  
  39  3:43  SCV  
  39  3:48  Marine x2  
  42  3:52  Factory Tech Lab  
  42  3:53  Supply Depot  
  43  3:55  SCV  
  43  3:56  SCV  
  44  4:06  Marine x2  
  47  4:10  SCV x2  
  47  4:11  Siege Tank  
  51  4:19  Supply Depot  
  51  4:24  Raven  
  51  4:25  Interference Matrix  
  51  4:26  Marine x2  
  54  4:32  SCV x2  
  56  4:42  Supply Depot  
  56  4:44  SCV x2  
  58  4:46  Siege Tank  
  58  4:47  Marine  
  58  4:48  Marine  
  61  4:57  SCV  
  61  4:58  SCV  
  63  5:01  Raven  
  63  5:04  Supply Depot  
  63  5:06  Command Center  
  65  5:12  SCV x2  
  65  5:13  Marine x2  
  69  5:18  Refinery  
  69  5:22  Siege Tank  
  69  5:26  Supply Depot, SCV x2  
  74  5:39  SCV x2  
  76  5:45  Viking x2, Marine  
  81  5:52  SCV  
  81  5:53  SCV  
  81  5:54  Siege Tank  
  86  5:59  Barracks, Stimpack  
  86  6:00  Barracks  
  86  6:18  Viking x2  
  88  6:19  SCV x2  
  92  6:28  Engineering Bay x2  
  92  6:38  SCV x2  
  94  6:43  Orbital Command  
  94  6:45  Siege Tank, Marine  
  97  6:48  Barracks  
  97  6:50  Barracks, SCV x2  
  99  7:02  SCV  
  99  7:03  Viking, SCV  
  99  7:04  Viking  
  105  7:10  Barracks Reactor  
  105  7:11  Barracks Reactor, Terran Infantry Weapons Level 1  
  103  7:19  Siege Tank, SCV  
  103  7:20  SCV x2  
  109  7:24  Sensor Tower  
  109  8:00  SCV x2  
  109  8:01  Viking x2, SCV  
  106  8:06  Barracks Reactor, Marine x4  
  106  8:07  Barracks Reactor, Marine  
  87  8:13  SCV x3  
  88  8:24  Siege Tank, Marine x5  
  88  8:25  SCV x3  
  88  8:26  Terran Infantry Armor Level 1  
  99  8:27  Armory  
  99  8:30  Refinery x2  
  99  8:32  Command Center  
  99  8:33  Combat Shield  
  99  8:34  Viking  
  101  8:36  Viking  
  101  8:37  SCV x2  
  101  8:38  SCV  
  106  8:41  Marine  
  106  8:47  Marine x2  
  109  8:53  Marine x6  
  109  8:54  Supply Depot x2  
  115  8:59  SCV x2  
  117  9:16  Siege Tank, Medivac x2, Marine, SCV x3  
  128  9:17  Supply Depot  
  128  9:18  Supply Depot  
  128  9:19  Terran Infantry Weapons Level 2  
  128  9:24  Missile Turret  
  128  9:26  Terran Vehicle Weapons Level 1  
  128  9:27  Factory  
  128  9:28  SCV  
  129  9:36  Marine x2  
  129  9:37  Marine x2  
  133  9:39  Marine x4  
  136  9:53  Siege Tank  
  136  9:54  Marine x4  
  136  9:56  Marine x3  
  136  9:57  Marine  
  145  10:05  Medivac x2  
  147  10:12  Marine x4  
  147  10:13  Barracks Reactor  
  151  10:14  Marine x3  
  154  10:25  Siege Tank  
  157  10:28  Planetary Fortress  
  157  10:32  Barracks  
  157  10:34  Siege Tank, Marine x4  
  164  10:35  Barracks  
  164  10:37  Barracks  
  164  10:40  Sensor Tower  
  164  10:50  Missile Turret  
  164  10:51  Missile Turret  
  164  10:59  Viking x2, Marine x4, Supply Depot x2  
  172  11:10  Marine  
  172  11:11  Marine  
  172  11:13  Marine  
  172  11:16  Marine  
  170  11:20  Siege Tank x2  
  164  11:26  Marine  
  164  11:32  Marine  
  163  11:44  Marine x3  
  163  11:45  Medivac x2  
  167  11:52  Siege Tank  
  167  11:53  Siege Tank  
  167  11:54  Marine x3  
  167  11:57  Marine x3  
  145  12:09  Marine x4  
  145  12:12  Marine  
  145  12:14  Marine  
  145  12:15  Marine x4  
  138  12:16  Medivac x2  
  138  12:18  Barracks Reactor x3  
  138  12:24  Siege Tank  
  138  12:25  Siege Tank  
  138  12:27  Marine x4  
  120  12:30  Marine  
  120  12:31  SCV x2  
  120  12:32  Marine x3, SCV  
  120  12:33  Marine x2  
  123  12:37  SCV  
  123  12:43  SCV x2  
  123  12:44  Marine, SCV  
  127  12:50  SCV  
  129  12:54  Medivac  
  129  12:55  Medivac  
  133  13:01  Command Center  
  133  13:02  Marine x5  
  138  13:15  Marine  
  130  13:22  Marine x5  
  135  13:39  Marine x3  
  135  13:40  Marine x5  
  135  13:41  Siege Tank x2, Medivac x2  
  148  13:42  Marine x8  
  157  13:57  Marine x4  
  157  13:58  Marine x3  
Tags
 
Add a new tag
Caveats
  • Supply blocks, unpowered buildings, or Contaminate may cause inaccurate times.
  • Supply counts are checked every 10 seconds.